| TOP OF THE 1ST |
|
Fort Myers Palms batting - Pitching for Pompano Beach Stingrays : RHP Steven Viskas
|
|
Pitching: RHP Steven Viskas
|
|
|
Batting: RHB Stanley Baker
|
0-0: Ball 1-0: Ball 2-0: Foul Ball, location: 2F 2-1: Called Strike 2-2: Ball 3-2: SINGLE (Groundball, 34D, EV 95.0 MPH)
|
|
Batting: RHB Johnny Evans
|
0-0: Called Strike 0-1: Foul Ball, location: 2F 0-2: Grounds into double play, 5-4-3 (Groundball, 56, EV 107.5 MPH)
|
|
Batting: LHB Gus Burgess
|
0-0: Ball 1-0: Called Strike 1-1: Foul Ball, location: 2F 1-2: Foul Ball, location: 2F 1-2: Fly out, F6 (Flyball, 56D, EV 93.1 MPH)
|
| Top of the 1st over - 0 runs, 1 hit, 0 errors, 0 left on base; Fort Myers 0 - Pompano Beach 0 |
| BOTTOM OF THE 1ST |
|
Pompano Beach Stingrays batting - Pitching for Fort Myers Palms : LHP Rich Devincenzo
|
|
Pitching: LHP Rich Devincenzo
|
|
|
Batting: RHB Jorge Villalobos
|
0-0: Ball 1-0: Called Strike 1-1: Foul Ball, location: 2F 1-2: Ball 2-2: Strikes out swinging
|
|
Batting: SHB Gene Roof
|
0-0: Ball 1-0: Ground out 5-3 (Groundball, 56S, EV 68.8 MPH)
|
|
Batting: SHB Juan Molina
|
0-0: Called Strike 0-1: Swinging Strike 0-2: SINGLE (Line Drive, 34, EV 104.4 MPH)
|
|
Batting: RHB William Waag
|
0-0: Called Strike 0-1: Ball 1-1: Foul Ball, location: 2F 1-2: Strikes out looking
|
| Bottom of the 1st over - 0 runs, 1 hit, 0 errors, 1 left on base; Fort Myers 0 - Pompano Beach 0 |
| TOP OF THE 2ND |
|
Fort Myers Palms batting - Pitching for Pompano Beach Stingrays : RHP Steven Viskas
|
|
Batting: LHB James Atkinson
|
0-0: Called Strike 0-1: Called Strike 0-2: Ball 1-2: Ball 2-2: Fly out, F8 (Flyball, 8RXD, EV 90.0 MPH)
|
|
Batting: RHB Matt Sinatro
|
0-0: Foul Ball, location: 2F 0-1: Foul Ball, location: 2F 0-2: Ball 1-2: Ball 2-2: Strikes out swinging
|
|
Batting: RHB Tim Brown
|
0-0: Called Strike 0-1: Ball 1-1: Ground out 5-3 (Groundball, 5, EV 103.1 MPH)
|
| Top of the 2nd over - 0 runs, 0 hits, 0 errors, 0 left on base; Fort Myers 0 - Pompano Beach 0 |
| BOTTOM OF THE 2ND |
|
Pompano Beach Stingrays batting - Pitching for Fort Myers Palms : LHP Rich Devincenzo
|
|
Batting: LHB Arnold McCrary
|
0-0: Ball 1-0: Foul Ball, location: 2F 1-1: SINGLE (Flyball, 56D, EV 93.1 MPH)
|
|
Batting: LHB Steve Phillips
|
0-0: Called Strike 0-1: Ball 1-1: Called Strike 1-2: SINGLE (Line Drive, 78S, EV 93.1 MPH) Arnold McCrary to second
|
|
Batting: RHB Mark Strucher
|
0-0: Called Strike 0-1: Ball 1-1: Ball 2-1: Fielders Choice at 2nd, 2-6 (Groundball, 2R, EV 69.4 MPH) Arnold McCrary to third
|
|
Batting: SHB Maury Ornest
|
0-0: Ball 1-0: Fly out, F8 (Flyball, 8RXD, EV 93.1 MPH) Runner from 3rd tags up, SCORES, no throw by CF
|
|
Batting: RHB Craig Johnson
|
0-0: SINGLE (Groundball, 5S, EV 76.3 MPH) (infield hit) Mark Strucher to second
|
|
Batting: RHB Jorge Villalobos
|
0-0: Called Strike 0-1: Called Strike 0-2: Ball 1-2: Fielders Choice at 2nd, 6-4 (Groundball, 56, EV 88.1 MPH)
|
| Bottom of the 2nd over - 1 run, 3 hits, 0 errors, 2 left on base; Fort Myers 0 - Pompano Beach 1 |
| TOP OF THE 3RD |
|
Fort Myers Palms batting - Pitching for Pompano Beach Stingrays : RHP Steven Viskas
|
|
Batting: RHB Jim Bishop
|
0-0: Called Strike 0-1: Foul Ball, location: 2F 0-2: Foul Ball, location: 2F 0-2: Fly out, F9 (Flyball, 89M, EV 91.3 MPH)
|
|
Batting: RHB Jay Greb
|
0-0: Ball 1-0: Ball 2-0: Called Strike 2-1: Ball 3-1: Base on Balls
|
|
Batting: SHB Porter Wyatt
|
0-0: Ball 1-0: Fielders Choice at 2nd, 2-4 (Groundball, 15S, EV 66.3 MPH)
|
|
Batting: RHB Stanley Baker
|
0-0: Called Strike 0-1: Ball 1-1: Swinging Strike 1-2: Ball Porter Wyatt steals 2nd base 2-2: Ball 3-2: Base on Balls
|
|
Batting: RHB Johnny Evans
|
0-0: Foul Ball, location: 2F 0-1: Foul Ball, location: 2F 0-2: Ball 1-2: Foul Ball, location: 2F 1-2: Strikes out swinging
|
| Top of the 3rd over - 0 runs, 0 hits, 0 errors, 2 left on base; Fort Myers 0 - Pompano Beach 1 |
| BOTTOM OF THE 3RD |
|
Pompano Beach Stingrays batting - Pitching for Fort Myers Palms : LHP Rich Devincenzo
|
|
Batting: SHB Gene Roof
|
0-0: Swinging Strike 0-1: Ball 1-1: Ball 2-1: Ball 3-1: SINGLE (Groundball, 4MD, EV 99.4 MPH)
|
|
Batting: SHB Juan Molina
|
0-0: Ball 1-0: Foul Ball, location: 2F 1-1: Foul Ball, location: 2F 1-2: Foul Ball, location: 2F 1-2: Fly out, F4 (Flyball, 34D, EV 86.3 MPH)
|
|
Batting: RHB William Waag
|
0-0: Called Strike Gene Roof steals 2nd base 0-1: Ball 1-1: Ball 2-1: SINGLE (Groundball, 6M, EV 104.4 MPH) (infield hit) Gene Roof to third
|
|
Batting: LHB Arnold McCrary
|
0-0: Called Strike 0-1: Ball 1-1: Called Strike 1-2: Ball 2-2: Grounds into double play, 6-4-3 (Groundball, 6, EV 79.4 MPH)
|
| Bottom of the 3rd over - 0 runs, 2 hits, 0 errors, 1 left on base; Fort Myers 0 - Pompano Beach 1 |
| TOP OF THE 4TH |
|
Fort Myers Palms batting - Pitching for Pompano Beach Stingrays : RHP Steven Viskas
|
|
Batting: LHB Gus Burgess
|
0-0: Ball 1-0: Ball 2-0: Ball 3-0: Called Strike 3-1: Swinging Strike 3-2: Base on Balls
|
|
Batting: LHB James Atkinson
|
0-0: Called Strike 0-1: Ball 1-1: Fly out, F9 (Flyball, 9S, EV 88.1 MPH)
|
|
Batting: RHB Matt Sinatro
|
0-0: Ball 1-0: SINGLE (Groundball, 4MD, EV 98.8 MPH) Gus Burgess to second Runner from 2nd tries for 3rd, SAFE, throw by CF made to third
|
|
Batting: RHB Tim Brown
|
0-0: Called Strike 0-1: Ball 1-1: Ball 2-1: 3-RUN HOME RUN (Flyball, 7LD, EV 96.9 MPH), Distance : 368 ft
|
|
Batting: RHB Jim Bishop
|
0-0: Swinging Strike 0-1: Foul Ball, location: 2F 0-2: Strikes out looking
|
|
Batting: RHB Jay Greb
|
0-0: SINGLE (Line Drive, 8RS, EV 93.1 MPH)
|
|
Batting: SHB Porter Wyatt
|
0-0: Called Strike 0-1: Ball 1-1: Ball 2-1: Foul Ball, location: 2F 2-2: Fly out, F7 (Flyball, 78M, EV 76.3 MPH)
|
| Top of the 4th over - 3 runs, 3 hits, 0 errors, 1 left on base; Fort Myers 3 - Pompano Beach 1 |
| BOTTOM OF THE 4TH |
|
Pompano Beach Stingrays batting - Pitching for Fort Myers Palms : LHP Rich Devincenzo
|
|
Batting: LHB Steve Phillips
|
0-0: Foul Ball, location: 2F 0-1: Swinging Strike 0-2: Fly out, F7 (Flyball, 7D, EV 85.6 MPH)
|
|
Batting: RHB Mark Strucher
|
0-0: Ball 1-0: Fly out, F9 (Flyball, 89D, EV 87.5 MPH)
|
|
Batting: SHB Maury Ornest
|
0-0: Foul Ball, location: 2F 0-1: Swinging Strike 0-2: Ball 1-2: Ball 2-2: Ball 3-2: Strikes out swinging
|
| Bottom of the 4th over - 0 runs, 0 hits, 0 errors, 0 left on base; Fort Myers 3 - Pompano Beach 1 |
| TOP OF THE 5TH |
|
Fort Myers Palms batting - Pitching for Pompano Beach Stingrays : RHP Steven Viskas
|
|
Batting: RHB Stanley Baker
|
0-0: Ball 1-0: Fly out, F9 (Flyball, 9, EV 92.5 MPH)
|
|
Batting: RHB Johnny Evans
|
0-0: Called Strike 0-1: Ball 1-1: Swinging Strike 1-2: Foul Ball, location: 2F 1-2: Strikes out swinging
|
|
Batting: LHB Gus Burgess
|
0-0: Ball 1-0: Called Strike 1-1: Ground out U3 (Groundball, 34, EV 83.1 MPH)
|
| Top of the 5th over - 0 runs, 0 hits, 0 errors, 0 left on base; Fort Myers 3 - Pompano Beach 1 |
| BOTTOM OF THE 5TH |
|
Pompano Beach Stingrays batting - Pitching for Fort Myers Palms : LHP Rich Devincenzo
|
|
Batting: RHB Craig Johnson
|
0-0: Ball 1-0: Ball 2-0: Ball 3-0: Base on Balls
|
|
Batting: RHB Jorge Villalobos
|
0-0: Bunt missed! 0-1: Bunted foul 0-2: Foul Ball, location: 2F 0-2: Ball 1-2: Ball 2-2: Foul Ball, location: 2F 2-2: Foul Ball, location: 2F 2-2: SINGLE (Groundball, 15S, EV 67.5 MPH) (infield hit) Craig Johnson to second
|
|
Batting: SHB Gene Roof
|
0-0: Bunt missed! 0-1: Ball 1-1: Sac Bunt to 2L - play at third, runner OUT! 2-6 Jorge Villalobos to second
|
|
Batting: SHB Juan Molina
|
0-0: Ball Jorge Villalobos steals 3rd, throwing error, E2 Jorge Villalobos scores Gene Roof to third 1-0: Ball 2-0: Ball 3-0: Called Strike 3-1: Fly out, F3 (Popup, 3S, EV 70.6 MPH)
|
|
Batting: RHB William Waag
|
0-0: Foul Ball, location: 2F 0-1: Ball 1-1: Foul Ball, location: 2F 1-2: Ball 2-2: Ball 3-2: Foul Ball, location: 2F 3-2: Ground out 4-3 (Groundball, 4, EV 87.5 MPH)
|
| Bottom of the 5th over - 1 run, 1 hit, 1 error, 1 left on base; Fort Myers 3 - Pompano Beach 2 |
| TOP OF THE 6TH |
|
Fort Myers Palms batting - Pitching for Pompano Beach Stingrays : RHP Steven Viskas
|
|
Batting: LHB James Atkinson
|
0-0: Ball 1-0: Called Strike 1-1: Fly out, F4 (Line Drive, 4, EV 66.9 MPH)
|
|
Batting: RHB Matt Sinatro
|
0-0: Called Strike 0-1: Called Strike 0-2: Ball 1-2: Ground out 6-3 (Groundball, 6, EV 84.4 MPH)
|
|
Batting: RHB Tim Brown
|
0-0: Ball 1-0: Ground out 4-3 (Groundball, 4, EV 75.6 MPH)
|
| Top of the 6th over - 0 runs, 0 hits, 0 errors, 0 left on base; Fort Myers 3 - Pompano Beach 2 |
| BOTTOM OF THE 6TH |
|
Pompano Beach Stingrays batting - Pitching for Fort Myers Palms : LHP Rich Devincenzo
|
|
Batting: LHB Arnold McCrary
|
0-0: Ball 1-0: Ball 2-0: Ball 3-0: Called Strike 3-1: Fly out, F5 (Popup, 5F, EV 62.5 MPH)
|
|
Batting: LHB Steve Phillips
|
0-0: Called Strike 0-1: Ball 1-1: Called Strike 1-2: Foul Ball, location: 2F 1-2: Strikes out looking
|
|
Batting: RHB Mark Strucher
|
0-0: Ball 1-0: Called Strike 1-1: SOLO HOME RUN (Flyball, 7D, EV 109.4 MPH), Distance : 383 ft
|
|
Batting: SHB Maury Ornest
|
0-0: Called Strike 0-1: Called Strike 0-2: Ball 1-2: Fly out, F8 (Flyball, 8RD, EV 108.1 MPH)
|
| Bottom of the 6th over - 1 run, 1 hit, 0 errors, 0 left on base; Fort Myers 3 - Pompano Beach 3 |
| TOP OF THE 7TH |
|
Fort Myers Palms batting - Pitching for Pompano Beach Stingrays : RHP Steven Viskas
|
|
Batting: RHB Jim Bishop
|
0-0: Fly out, F4 (Flyball, 4MD, EV 97.5 MPH)
|
|
Batting: RHB Jay Greb
|
0-0: Reached on error, E5 (Groundball, 5L, EV 86.3 MPH)
|
|
Batting: SHB Porter Wyatt
|
0-0: Called Strike 0-1: Ball 1-1: Ball 2-1: Ball 3-1: Called Strike 3-2: Foul Ball, location: 2F 3-2: Strikes out swinging Jay Greb steals 2nd base Batter strikes out.
|
|
Batting: RHB Stanley Baker
|
0-0: Ball 1-0: Ball 2-0: Foul Ball, location: 2F 2-1: Ball 3-1: Base on Balls
|
|
Batting: RHB Johnny Evans
|
0-0: Ball 1-0: Called Strike 1-1: Called Strike 1-2: Foul Ball, location: 2F 1-2: Ball 2-2: Ball 3-2: Base on Balls Jay Greb to third Stanley Baker to second
|
|
Batting: LHB Gus Burgess
|
0-0: Ball 1-0: Ball 2-0: Called Strike 2-1: Foul Ball, location: 2F 2-2: Ball 3-2: Strikes out looking
|
| Top of the 7th over - 0 runs, 0 hits, 1 error, 3 left on base; Fort Myers 3 - Pompano Beach 3 |
| BOTTOM OF THE 7TH |
|
Pompano Beach Stingrays batting - Pitching for Fort Myers Palms : LHP Rich Devincenzo
|
|
Batting: RHB Craig Johnson
|
0-0: Ball 1-0: Foul Ball, location: 2F 1-1: Ball 2-1: DOUBLE (Flyball, 8LXD, EV 100.0 MPH)
|
|
Batting: RHB Jorge Villalobos
|
0-0: Intentional Walk
|
|
Batting: SHB Gene Roof
|
0-0: DOUBLE (Flyball, 89D, EV 116.3 MPH) Craig Johnson scores Jorge Villalobos to third
|
|
Batting: SHB Juan Molina
|
0-0: Intentional Walk
|
|
Batting: RHB William Waag
|
0-0: Ball 1-0: DOUBLE (Line Drive, 9LS, EV 107.5 MPH) Jorge Villalobos scores Gene Roof scores Juan Molina to third
|
|
Pitching: LHP Al Heath
|
|
|
Batting: LHB Arnold McCrary
|
0-0: Ball 1-0: Ball 2-0: SINGLE (Flyball, 34D, EV 93.1 MPH) Juan Molina scores William Waag to third Runner from 3rd tries for Home, SAFE, throw by RF to home Arnold McCrary to second
|
|
Batting: LHB Steve Phillips
|
0-0: Foul Ball, location: 2F 0-1: Foul Ball, location: 2F 0-2: Ground out 4-3 (Groundball, 4M, EV 91.3 MPH) Arnold McCrary to third
|
|
Batting: RHB Mark Strucher
|
0-0: Swinging Strike 0-1: Ball 1-1: Ball 2-1: Ball 3-1: Foul Ball, location: 2F 3-2: Base on Balls
|
|
Batting: SHB Maury Ornest
|
0-0: Ball 1-0: Swinging Strike 1-1: SINGLE (Line Drive, 89M, EV 101.9 MPH) Arnold McCrary scores Mark Strucher to second
|
|
Batting: RHB Craig Johnson
|
0-0: Called Strike 0-1: Foul Ball, location: 2F 0-2: Ball 1-2: Ball 2-2: Foul Ball, location: 2F 2-2: Foul Ball, location: 2F 2-2: Foul Ball, location: 2F 2-2: Foul Ball, location: 2F 2-2: Fly out, F7 (Flyball, 7S, EV 91.3 MPH)
|
|
Batting: RHB Jorge Villalobos
|
0-0: Swinging Strike 0-1: Ball 1-1: Ball 2-1: Foul Ball, location: 2F 2-2: Ball 3-2: Strikes out looking
|
| Bottom of the 7th over - 6 runs, 5 hits, 0 errors, 2 left on base; Fort Myers 3 - Pompano Beach 9 |
| TOP OF THE 8TH |
|
Fort Myers Palms batting - Pitching for Pompano Beach Stingrays : RHP Steven Viskas
|
|
Batting: LHB James Atkinson
|
0-0: Foul Ball, location: 2F 0-1: Foul Ball, location: 2F 0-2: Foul Ball, location: 2F 0-2: Ball 1-2: Fly out, F9 (Line Drive, 9, EV 92.5 MPH)
|
|
Batting: RHB Matt Sinatro
|
0-0: Called Strike 0-1: Ground out 6-3 (Groundball, 6, EV 103.8 MPH)
|
|
Batting: RHB Tim Brown
|
0-0: Fly out, F3 (Popup, 3SF, EV 73.8 MPH)
|
| Top of the 8th over - 0 runs, 0 hits, 0 errors, 0 left on base; Fort Myers 3 - Pompano Beach 9 |
| BOTTOM OF THE 8TH |
|
Pompano Beach Stingrays batting - Pitching for Fort Myers Palms : LHP Al Heath
|
|
Batting: SHB Gene Roof
|
0-0: Ball 1-0: Called Strike 1-1: Ground out 6-3 (Groundball, 6, EV 78.8 MPH)
|
|
Batting: SHB Juan Molina
|
0-0: Called Strike 0-1: Fly out, F9 (Flyball, 9D, EV 101.9 MPH)
|
|
Batting: RHB William Waag
|
0-0: Called Strike 0-1: Ball 1-1: Ball 2-1: Called Strike 2-2: Ball 3-2: Strikes out swinging
|
| Bottom of the 8th over - 0 runs, 0 hits, 0 errors, 0 left on base; Fort Myers 3 - Pompano Beach 9 |
| TOP OF THE 9TH |
|
Fort Myers Palms batting - Pitching for Pompano Beach Stingrays : RHP Steven Viskas
|
|
Batting: RHB Jim Bishop
|
0-0: Ball 1-0: Foul Ball, location: 2F 1-1: Fly out, F9 (Flyball, 89S, EV 91.9 MPH)
|
|
Batting: RHB Jay Greb
|
0-0: Ball 1-0: Fly out, F9 (Flyball, 9S, EV 94.4 MPH)
|
|
Batting: SHB Porter Wyatt
|
0-0: Called Strike 0-1: Foul Ball, location: 2F 0-2: Ball 1-2: Foul Ball, location: 2F 1-2: Strikes out looking
|
| Top of the 9th over - 0 runs, 0 hits, 0 errors, 0 left on base; Fort Myers 3 - Pompano Beach 9 |
|